 Dungeon Crawl Stone Soup version 0.19.0-22-gd96e5fe (webtiles) character file.

306 dobroeutro the Archer (level 6, -3/50 HPs)
             Began as a Centaur Hunter on Nov 18, 2016.
             Slain by a hornet zombie (7 damage)
             ... on level 4 of the Dungeon.
             The game lasted 00:04:49 (4598 turns).

dobroeutro the Archer (Centaur Hunter)              Turns: 4598, Time: 00:04:50

Health: -3/50      AC:  7    Str: 15    XL:     6   Next: 16%
Magic:  6/6        EV:  9    Int: 10    God:
Gold:   129        SH:  0    Dex: 11    Spells: 0 memorised, 5 levels left

rFire  . . .     SeeInvis .     a - +1 shortbow
rCold  . . .     Gourm    .     y - +0 ring mail
rNeg   . . .     Faith    .     (shield currently unavailable)
rPois  .         Spirit   .     (no helmet)
rElec  .         Reflect  .     (no cloak)
rCorr  +         Harm     .     w - +1 pair of gloves
MR     .....                    (no barding)
Stlth  ..........               (no amulet)
                                (no ring)
                                e - ring of resist corrosion

@: very slightly contaminated, invisible, very quick
A: hooves 3, deformed body, speed 2, tough skin 3
a: no special abilities


You were on level 4 of the Dungeon.
You were not hungry.

You visited 1 branch of the dungeon, and saw 4 of its levels.

You collected 129 gold pieces.

Inventory:

Hand Weapons
 a - a +1 shortbow (weapon)
 b - a +0 short sword
Missiles
 d - 42 arrows (quivered)
Armour
 w - a +1 pair of gloves (worn)
 y - a +0 ring mail (worn)
Jewellery
 e - a ring of resist corrosion (left hand)
Scrolls
 c - a scroll of fear {unknown}
 g - 6 scrolls of identify {unknown}
 h - 2 scrolls of remove curse {unknown}
 i - a scroll of teleportation {unknown}
 l - a scroll of random uselessness {unknown}
 p - a scroll of enchant weapon {unknown}
 u - a scroll of enchant armour {unknown}
Potions
 j - a potion of brilliance {unknown}
 k - 3 potions of curing
 m - a potion of cancellation {unknown}
 n - a potion of agility {unknown}
 o - a potion of heal wounds {unknown}
 t - a potion of flight {unknown}
 v - a potion of lignification {unknown}
Books
 r - a book of Cantrips

   Spells                             Type                      Level
   a - Confusing Touch                Hexes                        1
   b - Animate Skeleton               Necromancy                   1
   c - Summon Small Mammal            Summoning                    1
   d - Apportation                    Translocation                1
Comestibles
 f - 3 bread rations
 s - a slice of pizza
 z - 10 fruits


   Skills:
 + Level 2.6 Fighting
 + Level 8.9 Bows
 + Level 1.2 Armour
 + Level 1.8 Dodging
 - Level 0.4 Stealth


You had 5 spell levels left.
You didn't know any spells.

Dungeon Overview and Level Annotations

Branches:
Dungeon (4/15)
 Temple: D:4-7

Altars:
Dithmenos
Hepliaklqana
Zin


Innate Abilities, Weirdness & Mutations

You have hooves in place of feet.
Armour fits poorly on your strangely shaped body.
You cover ground very quickly.
You have extremely tough skin. (AC +3)


Message History

Firing (i - inventory):
d - 45 arrows (quivered)
Press: ? - help, Shift-Dir - straight line, f/p - hornet zombie
Aim: a hornet zombie (heavily damaged)
You shoot an arrow. The arrow hits the hornet zombie!
The hornet zombie is severely damaged.
The hornet zombie hits you but does no damage.
Firing (i - inventory):
d - 44 arrows (quivered)
Press: ? - help, Shift-Dir - straight line, f/p - hornet zombie
Aim: a hornet zombie (severely damaged)
You shoot an arrow.
The arrow closely misses the hornet zombie.
The hornet zombie hits you.
* * * LOW HITPOINT WARNING * * *
Firing (i - inventory):
d - 43 arrows (quivered)
Press: ? - help, Shift-Dir - straight line, f/p - hornet zombie
Aim: a hornet zombie (severely damaged)
You shoot an arrow. The arrow hits the hornet zombie.
The hornet zombie is severely damaged.
The hornet zombie hits you!
You die...

#####.##.# .....#.
#...#.##(# ### ##....#.
#.#.#.##.#... +.......
##.#.#.##.#.### #.#.###
#(............# #...# #
##...#.##(#.#.# #.#.###
##........#...... #.....'
#....#.##Z#...... #...###
###..#.##@#...... #<#.# #
#.......#....#######.###
##.#.####...............
##..#..........########.#
#........................#
#########..........#.....#
####..#.............
#.......##########.#
####.##.# #........


You could see a hornet zombie.

Vanquished Creatures
  A scorpion (D:3)
  A bullfrog skeleton (D:3)
  Jessica (D:2)
  A killer bee zombie (D:4)
  A hound skeleton (D:4)
  A gnoll (D:1)
  8 adders
  An ooze (D:2)
  5 dart slugs
  9 orcs
  2 giant cockroaches (D:2)
  10 goblins
  10 hobgoblins
  A quokka (D:3)
  4 ball pythons
  6 bats
  4 frilled lizards
  4 kobolds
  7 rats
77 creatures vanquished.

Notes
Turn   | Place    | Note
-------+----------+-------------------------------------------
     0 | D:1      | dobroeutro the Centaur Hunter began the quest for the Orb.
     0 | D:1      | Reached XP level 1. HP: 17/17 MP: 1/1
   320 | D:1      | Reached XP level 2. HP: 20/24 MP: 2/2
   413 | D:1      | Reached skill level 6 in Bows
   804 | D:1      | Reached XP level 3. HP: 20/29 MP: 3/3
   985 | D:2      | Found a shadowy altar of Dithmenos.
  1002 | D:2      | Noticed Jessica
  1009 | D:2      | Reached skill level 7 in Bows
  1412 | D:2      | Killed Jessica
  1412 | D:2      | Reached XP level 4. HP: 2/36 MP: 4/4
  1718 | D:2      | Found a hazy altar of Hepliaklqana.
  1980 | D:2      | Reached skill level 8 in Bows
  2576 | D:3      | Reached XP level 5. HP: 22/41 MP: 5/5
  4163 | D:4      | Found a glowing silver altar of Zin.
  4178 | D:4      | Reached skill level 1 in Armour
  4178 | D:4      | Reached XP level 6. HP: 50/50 MP: 6/6
  4598 | D:4      | Slain by a hornet zombie

Skill      XL: |  1  2  3  4  5 |
---------------+----------------+-----
Bows           | 6 7 8 |  8.9
Armour         | 1 |  1.2
Fighting       | |  2.6
Dodging        | |  1.8
Stealth        | |  0.4

Action                   |  1- 3 |  4- 6 || total
-------------------------+-------+-------++-------
Melee: Short sword       |   128 |   187 ||   315
       Kick              |    29 |    46 ||    75
 Fire: Shortbow          |       |    38 ||    38
  Use: Potion            |     2 |     2 ||     4
  Eat: Chunk             |     1 |     9 ||    10
Armor: Leather armour    |    52 |    40 ||    92
       Ring mail         |       |    36 ||    36
Dodge: Dodged            |    55 |    97 ||   152
